 Dungeon Crawl Stone Soup version 0.20-a0-723-gf57855b (webtiles) character file.

293416 Eptagon the Warrior (level 20, -3/140 HPs)
             Began as a Gargoyle Fighter on Feb 22, 2017.
             Was the Champion of Okawaru.
             Splashed by an acid blob's acid (12 damage)
             ... on level 2 of the Pits of Slime.
             The game lasted 01:36:18 (33696 turns).

Eptagon the Warrior (Gargoyle Fighter)             Turns: 33696, Time: 01:36:19

Health: -3/140     AC: 34    Str: 28    XL:     20   Next: 82%
Magic:  24/31      EV: 21    Int: 14    God:    Okawaru [******]
Gold:   1559       SH: 15    Dex: 15    Spells: 5/19 levels left

rFire    . . .     SeeInvis +   c - +9 eveningstar (vamp)
rCold    + + +     Gourm    .   Z - +0 plate armour of Essuph {rC+++ MP+9 Int+4 Dex-5}
rNeg     + + .     Faith    .   i - +0 shield {reflect}
rPois    ∞         Spirit   .   o - +2 helmet {SInv}
rElec    +         Reflect  +   v - scarf {rC+}
rCorr    .         Harm     .   V - +1 pair of gloves of Winter {rN+ Int-4 Dex+4}
MR       +....                  X - +0 pair of boots {Stlth+}
Stlth    ..........             s - amulet of Vitality {Regen+ HP+15}
Regen    0.8/turn               Q - ring "Laer" {Int+4 Dex+5 Slay+3 Stlth-}
MPRegen  0.3/turn               u - +5 ring of evasion

@: corroded, flying, very slightly contaminated, hasted, very quick
A: big wings, thin skeletal structure 1, camouflage 1, blurry vision 1, frail 1,
low mp 1, negative energy resistance 1, screaming 1, electricity resistance,
unbreathing, petrification resistance, rot immunity, subdued magic 1, AC +15
}: 2/15 runes: barnacled, gossamer
a: Stop Flying, Heroism, Finesse, Renounce Religion


You were on level 2 of the Pits of Slime.
You worshipped Okawaru.
Okawaru was exalted by your worship.
You were very hungry.

You visited 7 branches of the dungeon, and saw 36 of its levels.
You visited 1 bazaar.
You also visited: Labyrinth and Ice Cave.

You collected 4139 gold pieces.
You spent 2580 gold pieces at shops.

Inventory:

Hand Weapons
 a - the +7 demon whip "Yhiruzor" {elec, Str+4}
   (Okawaru gifted it to you in an ice cave)

   Occasionally, upon striking a foe, it will discharge some electrical energy
   and cause terrible harm.
   It affects your strength (+4).
 b - the +10 demon whip "Lorem Ipsum" {pain, -Tele rPois rC+++ Int+3}
   (Okawaru gifted it to you on level 3 of the Spider Nest)

   In the hands of one skilled in necromantic magic, it inflicts extra damage on
   living creatures.
   It affects your intelligence (+3).
   It renders you almost immune to cold.
   It protects you from poison.
   It prevents most forms of teleportation.
 c - a +9 vampiric eveningstar (weapon)
Armour
 i - a +0 shield of reflection (worn)
 o - a +2 helmet of see invisible (worn)
 v - a scarf of cold resistance (worn)
 V - the +1 pair of gloves of Winter (worn) {rN+ Int-4 Dex+4}
   (Okawaru gifted it to you on level 3 of the Elven Halls)

   It affects your intelligence (-4).
   It affects your dexterity (+4).
   It protects you from negative energy.
 X - a +0 pair of boots of stealth (worn)
 Z - the +0 plate armour of Essuph (worn) {rC+++ MP+9 Int+4 Dex-5}
   (You took it off a deep elf blademaster on level 3 of the Elven Halls)

   It affects your intelligence (+4).
   It affects your dexterity (-5).
   It renders you almost immune to cold.
   It affects your magic capacity (+9).
Jewellery
 s - the amulet of Vitality (around neck) {Regen+ HP+15}
   (You found it on level 3 of the Elven Halls)

   [amulet of regeneration]

   It affects your health (+15).
   It increases your rate of regeneration.
 u - a +5 ring of evasion (left hand)
 N - the ring of Serendipity {rF+ rN+ Int+4 Dex-5 SInv}
   (You found it in an ice cave)

   [ring of see invisible]

   It affects your intelligence (+4).
   It affects your dexterity (-5).
   It protects you from fire.
   It protects you from negative energy.
   It lets you see invisible.
 Q - the ring "Laer" (right hand) {Int+4 Dex+5 Slay+3 Stlth-}
   (You bought it in a shop on level 1 of the Orcish Mines)

   [ring of loudness]

   It affects your intelligence (+4).
   It affects your dexterity (+5).
   It affects your accuracy and damage with ranged weapons and melee attacks
   (+3).
   It makes you less stealthy.
Wands
 n - a wand of iceblast (10/15)
 p - a wand of iceblast (6/15)
 q - a wand of acid (9/15)
 C - a wand of digging (9/24)
 F - a wand of lightning (7/15)
 J - a wand of iceblast (9/15)
 K - a wand of iceblast (4/15)
 L - a wand of iceblast (6/15)
 O - a wand of acid (15/15)
 P - a wand of iceblast (4/15)
 S - a wand of scattershot (4/9)
Scrolls
 j - 15 scrolls of teleportation
 r - 10 scrolls of enchant armour
 y - 16 scrolls of remove curse
 G - a scroll of fear
 I - 6 scrolls of fog
 M - 6 scrolls of magic mapping
 U - 5 scrolls of blinking
Potions
 d - 2 potions of might
 e - 9 potions of curing
 k - 3 potions of cancellation
 l - 4 potions of haste
 t - 4 potions of berserk rage
 w - 4 potions of resistance
 x - 4 potions of heal wounds
 A - 6 potions of ambrosia
 B - 6 potions of brilliance
 E - a potion of magic
 W - a potion of invisibility
 Y - a potion of agility
Miscellaneous
 z - a phial of floods
 D - a lightning rod (4/4)
Comestibles
 f - 16 bread rations
 g - 28 royal jellies
 h - 28 fruits
 m - 19 meat rations


   Skills:
 + Level 19.1 Fighting
 + Level 15.0 Maces & Flails
 + Level 19.0 Armour
 + Level 13.6 Dodging
 - Level 15.6 Shields
 - Level 6.1 Invocations


You had 5 spell levels left.
You knew the following spells:

 Your Spells              Type           Power        Failure   Level  Hunger
l - Lee's Rapid Deconstr  Erth           #.........   100%        5    ######.
m - Deflect Missiles      Chrm/Air       #.........   100%        6    #######
r - Regeneration          Chrm/Necr      #.........   100%        3    ####...


Dungeon Overview and Level Annotations

Branches:
Dungeon (14/15) Temple (0/1) D:6 Lair (6/6) D:11 Shoals (4/4) Lair:4 Spider (4/4) Lair:3 Slime (3/5) Lair:5 Orc (2/2) D:9 Elf (3/3) Orc:2 Vaults (0/5) D:13 D:14

Altars:
Cheibriados
Dithmenos
Elyvilon
Gozag
Hepliaklqana Ieoh Jian
Kikubaaqudgha
Nemelex Xobeh
Okawaru
Qazlal
Ru
Sif Muna
Trog
Yredelemnul
Beogh

Shops:
Orc:1 (=   Orc:2 =?}(   Shoals:4 [


Innate Abilities, Weirdness & Mutations

You are resistant to torment.
Your stone body is resilient. (AC +15)
You are immune to poison.
Your large and strong wings let you fly indefinitely.
You resist negative energy. (rN+)
You are resistant to electric shocks. (rElec)
You can survive without breathing.
You are immune to petrification.
You are immune to rotting.
You have a somewhat thin skeletal structure. (Dex +2, Stealth)
Your skin changes colour to match your surroundings (Stealth+).
Scrolls take you a little longer to read.
You are frail. (-10% HP)
Your magical capacity is low. (-10% MP)
You occasionally shout uncontrollably at your foes.
Your spells are a little easier to cast, but a little less powerful.


Message History

The acid blob spits acid at you. The splash of acid misses you.
You block the acid blob's attack.
The acid blob hits you but does no damage.
The eye of draining gazes at you.
You feel your power leaking away.
There is a stone staircase leading up here.
Two slime creatures merge to form a titanic slime creature.
The acid blob hits you!
* * * LOW HITPOINT WARNING * * *
You are splashed with acid!
The acid burns!
* * * LOW HITPOINT WARNING * * *
The acid blob spits acid at you. The splash of acid hits you!
You are splashed with acid!
The acid burns!
* * * LOW HITPOINT WARNING * * *
You fly upwards.
An acid blob comes into view.
The acid blob spits acid at you. The splash of acid hits you!
You are splashed with acid!
The acid burns!
You die...

....... .....##
... ...#......#
..............#
...............
..#..#........#
............#.#
...............
..J....@J...#
.......J.......
.#..........#..
#..............
...............
...............
...##..........
... #.......#..


You could see 3 acid blobs.

Vanquished Creatures
  Nikola (Spider:3)
  Jorgrun (Elf:2)
  Asterion (Elf:1)
  3 deep elf blademasters
  An acid blob (Slime:1)
  A kraken (Shoals:1)
  Kirke (D:12)
  The ghost of yrara the Bludgeoner, an adept DsFi of Gozag (Spider:4)
  Roxanne (Shoals:3)
  Donald (Elf:1)
  Ilsuiw (Shoals:4)
  3 ghost moths (Spider:4)
  Aizul (Spider:3)
  Louise (Elf:1)
  2 deep elf sorcerers
  9 emperor scorpions
  7 deep elf elementalists
  5 entropy weavers
  2 deep elf demonologists (Elf:1)
  4 deep elf annihilators
  A spark wasp (Spider:4)
  7 merfolk javelineers
  4 deep elf death magi (Elf:3)
  A minotaur (Lab)
  Josephine (Orc:2)
  A fire dragon (Lair:6)
  12 merfolk impalers (Shoals:4)
  3 deep elf high priests
  2 ogre magi (Orc:2)
  8 hydras
  8 merfolk avatars
  3 centaur warriors (D:13)
  Erica (D:10)
  2 alligator snapping turtles (Shoals:4)
  13 two-headed ogres
  A catoblepas (D:14)
  8 death yaks
  4 satyrs
  A queen ant (Spider:3)
  23 dancing weapons
  A merfolk aquamancer (Shoals:4)
  Urug (D:14)
  Sonja (Lair:3)
  17 deep elf knights
  5 skeletal warriors (D:11)
  2 unseen horrors
  A spark wasp zombie (Spider:3)
  9 sea snakes
  An unseen horror (shapeshifter) (D:14)
  2 deep trolls (Orc:2)
  A ghost moth zombie (Spider:3)
  An obsidian statue (D:14)
  Pikel (D:4)
  16 deep elf archers
  A lindwurm (Lair:6)
  16 harpies
  2 wolf spider zombies (Spider:3)
  12 orb spiders
  31 wolf spiders
  A mana viper (shapeshifter) (Elf:2)
  47 deep elf magi
  An orc knight (Orc:2)
  8 cyclopes
  7 ugly things
  A shining eye (Slime:1)
  4 oklob plants
  17 fauns
  6 elephants
  11 manticores
  3 moths of wrath
  3 merfolk sirens
  2 ice statues (IceCv)
  A gargoyle (D:14)
  9 water nymphs
  3 molten gargoyles (Lair:6)
  6 black mambas
  6 spiny frogs
  An eye of devastation (Slime:1)
  A rime drake (Lair:3)
  21 demonic crawlers
  8 komodo dragons
  An efreet (D:14)
  A redback zombie (Spider:3)
  2 kobold demonologists (D:11)
  2 tengu conjurers
  13 trolls
  A queen bee (Lair:1)
  28 jumping spiders
  52 merfolk
  7 wind drakes
  3 slime creatures (D:14)
  13 hornets
  5 blink frogs (Lair:5)
  2 jumping spider zombies (Spider:3)
  A moth of wrath zombie (Spider:3)
  8 snapping turtles
  17 dream sheep
  14 hippogriffs
  3 tarantella zombies (Spider:3)
  A centaur simulacrum (D:14)
  2 air elementals
  A vampire (D:14)
  55 yaks
  22 tarantellas
  6 wyverns (Lair:6)
  17 humans
  57 redbacks
  10 wraiths
  3 fire elementals
  10 hogs
  11 water elementals
  6 basilisks
  7 vampire mosquitoes
  4 wargs
  15 soldier ants (Spider:3)
  5 porcupines
  4 small abominations (Spider:3)
  5 hell hounds (Lair:6)
  9 water moccasins
  An orb spider zombie (Spider:3)
  9 ice beasts
  7 sky beasts
  2 black bears
  16 orc warriors
  3 slaves (D:4)
  2 hornet zombies (Spider:3)
  27 ogres
  3 phantoms
  2 eyes of draining
  7 centaurs
  5 wolves (Lair:6)
  12 crocodiles
  4 big kobolds
  14 bullfrogs
  An elf skeleton (D:11)
  A gnoll sergeant (D:8)
  2 earth elementals
  A wyvern skeleton (D:14)
  12 scorpions
  10 wights
  34 killer bees
  An electric eel (Lair:4)
  3 howler monkeys (D:7)
  5 lava snakes (Lair:6)
  7 crimson imps
  2 centaur zombies
  2 human zombies (D:11)
  6 jellies
  A quasit (D:10)
  5 centaur skeletons
  4 bullfrog zombies
  19 orc wizards
  16 orc priests
  6 hounds
  2 bullfrog skeletons
  Jessica (D:3)
  5 iguanas
  41 worker ants
  A hound skeleton (D:11)
  4 mummies (D:11)
  A worker ant zombie (D:5)
  10 gnolls
  15 adders
  2 shadow imps
  An ooze (D:2)
  2 adder skeletons
  2 worms
  3 leopard geckos
  62 orcs
  A giant cockroach (D:1)
  6 goblins
  6 hobgoblins
  11 jackals
  23 kobolds
  5 quokkas
  4 bats
  3 frilled lizards
  A jackal zombie (D:5)
  A leopard gecko skeleton (D:5)
  A leopard gecko zombie (D:8)
  An orc skeleton (D:11)
  A quokka skeleton (D:3)
  6 rats
  8 crawling corpses
  A plant (Lair:2)
  3 tentacles (Shoals:1)
1348 creatures vanquished.

Vanquished Creatures (others)
  2 deep elf master archers (Elf:3)
  A merfolk aquamancer (Shoals:4)
  A dancing weapon (Elf:1)
  A deep elf mage (Elf:2)
  An orb spider (Spider:4)
  A demonic crawler (Spider:4)
  A merfolk (Shoals:4)
  A water moccasin (shapeshifter) (Elf:3)
  A slave (D:4)
  A worker ant (Spider:3)
  2 bushes (Lair:3)
  2 fungi
  8 plants
  5 tentacles (Shoals:1)
28 creatures vanquished.

Grand Total: 1376 creatures vanquished

Notes
Turn   | Place    | Note
-------+----------+-------------------------------------------
     0 | D:1      | Eptagon the Gargoyle Fighter began the quest for the Orb.
     0 | D:1      | Reached XP level 1. HP: 14/14 MP: 1/1
    78 | D:1      | Reached XP level 2. HP: 12/19 MP: 2/2
   358 | D:1      | Reached XP level 3. HP: 23/23 MP: 3/3
  1078 | D:2      | Found a sacrificial altar of Ru.
  1240 | D:2      | Found a snail-covered altar of Cheibriados.
  1623 | D:3      | Found an iron altar of Okawaru.
  1630 | D:3      | Became a worshipper of Warmaster Okawaru
  1663 | D:3      | Reached XP level 4. HP: 15/28 MP: 4/4
  1935 | D:3      | Noticed Jessica
  1948 | D:3      | Killed Jessica
  1948 | D:3      | Reached XP level 5. HP: 24/33 MP: 5/5
  2397 | D:4      | Found a deep blue altar of Sif Muna.
  2484 | D:4      | Found a hazy altar of Hepliaklqana.
  2821 | D:4      | Found an ornate altar of the Ieoh Jian Council.
  2827 | D:4      | Noticed a slave
  2840 | D:4      | Killed a slave
  2843 | D:4      | Noticed a slave
  2844 | D:4      | Noticed a slave
  2859 | D:4      | Noticed Pikel
  2866 | D:4      | Noticed a slave
  2918 | D:4      | Killed Pikel
  2918 | D:4      | Reached * piety under Okawaru
  2918 | D:4      | Reached ** piety under Okawaru
  2918 | D:4      | Reached skill level 5 in Maces & Flails
  2918 | D:4      | Reached skill level 5 in Armour
  2918 | D:4      | Reached skill level 5 in Shields
  2918 | D:4      | Reached XP level 6. HP: 20/40 MP: 6/6
  2918 | D:4      | Reached XP level 7. HP: 22/44 MP: 7/7
  3319 | D:5      | Entered Level 5 of the Dungeon
  3361 | D:5      | Found a white marble altar of Elyvilon.
  3404 | D:5      | Reached skill level 5 in Fighting
  3503 | D:5      | Reached *** piety under Okawaru
  3532 | D:5      | Reached XP level 8. HP: 30/49 MP: 8/8
  3801 | D:5      | Found a bloodstained altar of Trog.
  4032 | D:6      | Found a stormy altar of Qazlal.
  4066 | D:6      | Found a staircase to the Ecumenical Temple.
  4166 | D:6      | Found a basalt altar of Yredelemnul.
  4189 | D:6      | Reached **** piety under Okawaru
  4442 | D:6      | Reached XP level 9. HP: 25/55 MP: 9/9
  4718 | D:6      | Found a white marble altar of Elyvilon.
  4791 | D:6      | Got a heavily runed scale mail
  4802 | D:6      | Identified the +4 scale mail of the Shining One {rF++ Str+3 Int+4 Slay-3} (You found it on level 6 of the Dungeon)
  5725 | D:7      | Reached ***** piety under Okawaru
  6208 | D:8      | Reached XP level 10. HP: 63/63 MP: 10/10
  6273 | D:8      | Found an opulent altar of Gozag.
  7316 | D:9      | Noticed a two-headed ogre
  7331 | D:9      | Killed a two-headed ogre
  7331 | D:9      | Reached skill level 10 in Maces & Flails
  7641 | D:9      | Noticed a two-headed ogre
  7658 | D:9      | Killed a two-headed ogre
  7658 | D:9      | Reached ****** piety under Okawaru
  7658 | D:9      | Reached XP level 11. HP: 69/69 MP: 11/11
  8202 | D:9      | Found a staircase to the Orcish Mines.
  8372 | D:9      | Found a sparkling altar of Nemelex Xobeh.
  8520 | D:10     | Entered Level 10 of the Dungeon
  8748 | D:10     | Noticed Erica
  8796 | D:10     | Killed Erica
  8796 | D:10     | Received a gift from Okawaru
  9409 | D:10     | Found a shadowy altar of Dithmenos.
  9424 | D:10     | Got a transparent whip
  9425 | D:10     | Identified the cursed +3 whip "Olitisafo" {slash, Str+7} (You found it on level 10 of the Dungeon)
  9940 | D:11     | Found a frozen archway.
 10003 | IceCv    | Entered an ice cave
 10003 | IceCv    | Noticed a white ugly thing
 10027 | IceCv    | Killed a white ugly thing
 10027 | IceCv    | Received a gift from Okawaru
 10031 | IceCv    | Got a polished demon whip {god gift}
 10035 | IceCv    | Identified the +7 demon whip "Yhiruzor" {elec, Str+4} (Okawaru gifted it to you in an ice cave)
 10055 | IceCv    | Reached XP level 12. HP: 26/77 MP: 12/12
 10057 | IceCv    | Reached skill level 10 in Armour
 10171 | IceCv    | Reached skill level 10 in Fighting
 10190 | IceCv    | Reached skill level 10 in Shields
 10199 | IceCv    | Got a heavily runed pewter ring
 10201 | IceCv    | Identified the ring of Serendipity {rF+ rN+ Int+4 Dex-5 SInv} (You found it in an ice cave)
 10203 | IceCv    | Got an ichor-stained plate armour
 10214 | IceCv    | Identified the +0 plate armour of Leechi {*Contam rPois Dex+3} (You found it in an ice cave)
 10392 | D:11     | Noticed a two-headed ogre
 10396 | D:11     | Killed a two-headed ogre
 10396 | D:11     | Reached skill level 1 in Dodging
 10456 | D:11     | Found a staircase to the Lair.
 10470 | D:11     | Received a gift from Okawaru
 10970 | D:11     | Noticed a six-headed hydra
 10987 | D:11     | Killed a six-headed hydra
 11172 | D:11     | Found an ancient bone altar of Kikubaaqudgha.
 11251 | Lair:1   | Entered Level 1 of the Lair of Beasts
 11271 | Lair:1   | Noticed a five-headed hydra
 11277 | Lair:1   | Killed a five-headed hydra
 11277 | Lair:1   | Reached XP level 13. HP: 80/84 MP: 13/13
 11724 | Lair:1   | Received a gift from Okawaru
 12077 | Lair:2   | Found a labyrinth entrance.
 12094 | Lab      | Entered a labyrinth
 12753 | Lab      | Noticed a minotaur
 12765 | Lab      | Killed a minotaur
 12782 | Lab      | Identified Tiosaohu's Reference Book on Feathers and Curses
 12843 | Lair:2   | Learned a level 6 spell: Deflect Missiles
 13302 | Lair:2   | Received a gift from Okawaru
 13302 | Lair:2   | Reached skill level 5 in Dodging
 13525 | Lair:3   | Noticed Sonja
 13546 | Lair:3   | Killed Sonja
 13804 | Lair:3   | Found a hole to the Spider Nest.
 14975 | Lair:4   | Gained mutation: Your large and strong wings let you fly indefinitely. [Gargoyle growth]
 14975 | Lair:4   | Reached XP level 14. HP: 32/92 MP: 14/14
 15182 | Lair:4   | Found a staircase to the Shoals.
 15582 | D:4      | Identified Sif Muna's Papyrus of Fascination
 16036 | Lair:5   | Learned a level 3 spell: Regeneration
 16308 | Lair:5   | Found a staircase to the Slime Pits.
 16616 | Lair:6   | Entered Level 6 of the Lair of Beasts
 16761 | Lair:6   | Received a gift from Okawaru
 17110 | Lair:6   | Received a gift from Okawaru
 17115 | Lair:6   | Got a steaming quick blade {god gift}
 17121 | Lair:6   | Identified the +9 quick blade "Xousaph" {flame, rPois rF++ MR+ Int-5} (Okawaru gifted it to you on level 6 of the Lair of Beasts)
 17259 | Lair:6   | Found a large runed door.
 17259 | Lair:6   | Found a large runed door.
 18290 | Orc:1    | Entered Level 1 of the Orcish Mines
 18375 | Orc:1    | Found a roughly hewn altar of Beogh.
 18408 | Orc:1    | Found Caihea Jukh's Jewellery Emporium.
 18417 | Orc:1    | Bought the ring "Laer" {Int+4 Dex+5 Slay+3 Stlth-} for 552 gold pieces
 18664 | Orc:1    | Found Tecenlam's Antique Weapon Boutique.
 18748 | Orc:2    | Entered Level 2 of the Orcish Mines
 18769 | Orc:2    | Found Sekat's Weapon Shoppe.
 18770 | Orc:2    | Noticed Josephine
 18770 | Orc:2    | Found Pitinar's Gadget Emporium.
 18783 | Orc:2    | Killed Josephine
 18783 | Orc:2    | Received a gift from Okawaru
 18793 | Orc:2    | Reached XP level 15. HP: 76/99 MP: 15/15
 18949 | Orc:2    | Found Xezopim's Magic Scroll Shop.
 18957 | Orc:2    | Found Yrubequrgh's Jewellery Shoppe.
 19008 | Orc:2    | Bought a scroll of teleportation for 36 gold pieces
 19008 | Orc:2    | Bought a scroll of identify for 24 gold pieces
 19008 | Orc:2    | Bought a scroll of identify for 24 gold pieces
 19008 | Orc:2    | Bought a scroll of identify for 24 gold pieces
 19274 | Orc:2    | Found a staircase to the Elven Halls.
 19837 | D:12     | Noticed Kirke
 19868 | D:12     | Killed Kirke
 20767 | D:14     | Found a gate to the Vaults.
 20767 | D:14     | Noticed Urug
 20767 | D:14     | Noticed Rupert
 20789 | D:13     | Received a gift from Okawaru
 20859 | D:14     | Killed Urug
 20878 | D:14     | Found a gateway to a bazaar.
 20909 | Bazaar   | Entered a bazaar
 20926 | Bazaar   | Found Payly's Jewellery Emporium.
 20926 | Bazaar   | Found Vemops's Antique Weapon Shoppe.
 20973 | Bazaar   | Found Ciokk's Assorted Antiques.
 21012 | Bazaar   | Bought a glowing plate armour for 832 gold pieces
 21012 | Bazaar   | Bought a potion of heal wounds for 160 gold pieces
 21012 | Bazaar   | Bought a scroll labeled QOLEWE KOLAAN for 32 gold pieces
 21012 | Bazaar   | Bought a bloodstained ring mail for 288 gold pieces
 21012 | Bazaar   | Bought a potion of berserk rage for 160 gold pieces
 21012 | Bazaar   | Bought a potion of berserk rage for 160 gold pieces
 21046 | D:14     | Identified the cursed +1 ring mail "Lygeshuwke" {Str+2} (You bought it in a shop in a bazaar)
 21294 | D:14     | Reached XP level 16. HP: 107/107 MP: 16/16
 21513 | D:14     | Found a sacrificial altar of Ru.
 21706 | D:12     | Received a gift from Okawaru
 21815 | Spider:1 | Entered Level 1 of the Spider Nest
 22364 | Spider:2 | Reached skill level 15 in Fighting
 22401 | Spider:2 | Reached skill level 15 in Armour
 22447 | Spider:2 | Reached skill level 15 in Shields
 22792 | Spider:2 | Received a gift from Okawaru
 23040 | Spider:2 | Reached skill level 10 in Dodging
 23434 | Spider:3 | Noticed Aizul
 23460 | Spider:3 | Killed Aizul
 23560 | Spider:3 | Reached XP level 17. HP: 113/113 MP: 17/17
 23662 | Spider:3 | Received a gift from Okawaru
 23663 | Spider:3 | Got a scorched demon whip {god gift}
 23668 | Spider:3 | Identified the +10 demon whip "Lorem Ipsum" {pain, -Tele rPois rC+++ Int+3} (Okawaru gifted it to you on level 3 of the Spider Nest)
 23814 | Spider:3 | Reached skill level 1 in Invocations
 24073 | Spider:3 | Received a gift from Okawaru
 24250 | Spider:3 | Noticed Nikola
 24264 | Spider:3 | Killed Nikola
 24495 | Spider:4 | Entered Level 4 of the Spider Nest
 24776 | Spider:4 | Received a gift from Okawaru
 24843 | Spider:4 | Noticed yrara's ghost (adept DsFi)
 24877 | Spider:4 | Killed yrara's ghost
 25181 | Spider:4 | Reached skill level 5 in Invocations
 25292 | Spider:4 | HP: 4/116 [emperor scorpion (25)]
 25531 | Spider:4 | Got a gossamer rune of Zot
 25751 | Shoals:1 | Entered Level 1 of the Shoals
 25828 | Shoals:1 | Reached XP level 18. HP: 122/122 MP: 22/22
 26711 | Shoals:2 | Received a gift from Okawaru
 26928 | Shoals:2 | Learned a level 5 spell: Lee's Rapid Deconstruction
 27578 | Shoals:3 | Noticed Roxanne
 27608 | Shoals:3 | Killed Roxanne
 27652 | Shoals:3 | Identified Roxanne's Grimoire of the Rocks (You took it off Roxanne on level 3 of the Shoals)
 27672 | Shoals:3 | Received a gift from Okawaru
 28497 | Shoals:4 | Entered Level 4 of the Shoals
 28529 | Shoals:4 | Received a gift from Okawaru
 28846 | Shoals:4 | Found Opir's Antique Armour Shoppe.
 28860 | Shoals:4 | Bought a twisted scale mail for 288 gold pieces
 28860 | Shoals:4 | Identified the +5 scale mail of Qazlal's Anger {rN+ Dex+7 SInv} (You bought it in a shop on level 4 of the Shoals)
 28904 | Shoals:4 | Noticed Ilsuiw
 28937 | Shoals:4 | Killed Ilsuiw
 28943 | Shoals:4 | Reached XP level 19. HP: 119/128 MP: 23/23
 29356 | Shoals:4 | Got a barnacled rune of Zot
 30040 | Elf:1    | Entered Level 1 of the Elven Halls
 30040 | Elf:1    | Noticed Asterion
 30080 | Elf:1    | Killed Asterion
 30132 | Elf:1    | Noticed a Tzitzimitl
 30188 | Elf:1    | Received a gift from Okawaru
 30513 | Elf:1    | Gained mutation: Your body sometimes deteriorates upon taking damage. [a neqoxec]
 30523 | Elf:1    | Gained mutation: You tend to lose your temper in combat. [a neqoxec]
 30652 | Elf:1    | Noticed Louise
 30670 | Elf:1    | Noticed Donald
 30679 | Elf:1    | Killed Louise
 30710 | Elf:1    | Killed Donald
 31177 | Orc:2    | Lost mutation: You tend to lose your temper in combat. [potion of mutation]
 31177 | Orc:2    | Lost mutation: Your body sometimes deteriorates upon taking damage. [potion of mutation]
 31177 | Orc:2    | Gained mutation: You occasionally shout uncontrollably at your foes. [potion of mutation]
 31177 | Orc:2    | Gained mutation: Your skin changes colour to match your surroundings (Stealth+). [potion of mutation]
 31177 | Orc:2    | Gained mutation: You have a somewhat thin skeletal structure. (Dex +2, Stealth) [potion of mutation]
 31311 | Elf:2    | Found a runed gate.
 31311 | Elf:2    | Found a runed gate.
 31312 | Elf:2    | Found a runed gate.
 31514 | Elf:2    | Noticed Jorgrun
 31522 | Elf:2    | Killed Jorgrun
 31522 | Elf:2    | Received a gift from Okawaru
 31522 | Elf:2    | Reached XP level 20. HP: 137/137 MP: 24/24
 32200 | Elf:3    | Entered Level 3 of the Elven Halls
 32541 | Elf:3    | Received a gift from Okawaru
 32548 | Elf:3    | Got a pair of scorched gloves {god gift}
 32559 | Elf:3    | Identified the +1 pair of gloves of Winter {rN+ Int-4 Dex+4} (Okawaru gifted it to you on level 3 of the Elven Halls)
 32561 | Elf:3    | Got a dazzling plate armour
 32572 | Elf:3    | Identified the cursed +0 plate armour of Essuph {rC+++ MP+9 Int+4 Dex-5} (You took it off a deep elf blademaster on level 3 of the Elven Halls)
 32597 | Elf:3    | Got a dazzling scale mail
 32608 | Elf:3    | Identified the +5 scale mail of Duck's Teeth {Str+3} (You found it on level 3 of the Elven Halls)
 32621 | Elf:3    | Got a glittering bone amulet
 32622 | Elf:3    | Identified the amulet of Aggozan {Reflect rF+ SH+3} (You found it on level 3 of the Elven Halls)
 32713 | Elf:3    | Identified the Handbook of Oenomania
 32891 | Elf:3    | Reached skill level 15 in Maces & Flails
 33593 | Slime:1  | Entered Level 1 of the Pits of Slime
 33630 | Slime:1  | Gained mutation: Your magical capacity is low. (-10% MP) [a shining eye]
 33635 | Slime:1  | Gained mutation: You are frail. (-10% HP) [a shining eye]
 33640 | Slime:1  | Gained mutation: Your spells are a little easier to cast, but a little less powerful. [a shining eye]
 33675 | Slime:2  | Gained mutation: Scrolls take you a little longer to read. [a shining eye]
 33676 | Slime:2  | Paralysed by a great orb of eyes for 2 turns
 33696 | Slime:2  | Splashed by an acid blob's acid

Vault maps used:
D:1:      shiori_arrival_oz
D:2:      nicolae_overflow_crystal_walls, nicolae_overflow_hidden_temple,
          first_bread
D:3:      cheibrodos_helix_gallery, okawaru_metal_pillars_3, uniq_jessica
D:4:      lemuel_doored_altar, lemuel_crystal_altar, led_sif_book, uniq_pikel
D:5:      trog_eyes_of_draining, basic_altar, st_stairs_9
D:6:      kennysheep_mini_moat, old_standard_altar, overflow_temple_1_default,
          temple_statues
D:8:      marbit_many_paths
D:9:      nemelex_xobeh_ov_fountains_minmay, david_orc_4
D:10:     grunt_livestock, nicolae_dithmenos_the_darkroom, uniq_erica
D:11:     erik_lair_orcish_takeover, portal_ice_cave_entry_pillars_1,
          lemuel_mausoleum_altar_kikubaaqudgha
D:12:     uniq_kirke
D:14:     david_vaults_3, hangedman_decor_riveting, serial_shops, statue_bzr,
          nicolae_benzene_ring, nicolae_ru_the_path_less_chosen
Lair:1:   special_room, st_stairs_13, infiniplex_staircase_pool_2
Lair:2:   lab_entry_generic, grunt_megastairs_3, minmay_lair_oklob_chamber
Lair:3:   spider_nest_entry_rubble, wad_woods_06, serial_bayou_shore_b,
          uniq_sonja
Lair:4:   minmay_shoals_entry_hut, beast_lair_carwin_6
Lair:5:   dpeg_slime_entry_corner
Lair:6:   cheibrodos_lair_end_hotspot
Shoals:3: nicolae_shoals_hunting_party, uniq_roxanne
Shoals:4: shoals_end_simple, shoals_ilsuiw_alternative, serial_shops, shop
Spider:2: spider_temple_joshua
Spider:3: hangedman_creepy_crawlies, minmay_another_anthill, uniq_aizul,
          uniq_nikola
Spider:4: spider_rune_water
Slime:1:  cheibrodos_slime_lost_civilization_5
Orc:1:    serial_shops, nicolae_shop_trees, shop, basic_altar
Orc:2:    st_orc_open, lightli_orcish_oven, uniq_josephine
Elf:1:    hangedman_elf_represent, uniq_asterion, uniq_louise, uniq_donald
Elf:2:    uniq_jorgrun
Elf:3:    elf_hall_gauntlet_narrow
Lab:      labyrinth_green
Bazaar:   bazaar_long_row
IceCv:    ice_cave_statue_garden_teleport

Skill      XL: |  1  2  3  4  5  6  7  8  9 10 11 12 13 14 15 16 17 18 19 20 |
---------------+-------------------------------------------------------------+-----
Maces & Flails | 3 5 6 7 9 10 11 12 13 14 15 | 15.0
Armour         | 4 5 6 7 8 9 11 12 13 14 15 16 17 18 19 | 19.0
Shields        | 5 6 7 8 9 11 12 13 14 15 | 15.6
Fighting       | 4 5 6 7 8 9 11 12 13 14 15 16 17 18 19 | 19.1
Dodging        | 3 5 7 9 10 11 12 13 | 13.6
Invocations    | 5 6 |  6.1

Action                   |  1- 3 |  4- 6 |  7- 9 | 10-12 | 13-15 | 16-18 | 19-21 || total
-------------------------+-------+-------+-------+-------+-------+-------+-------++-------
Melee: Flail             |   138 |   147 |   590 |   123 |       |       |       ||   998
       Morningstar       |       |       |       |   573 |       |       |       ||   573
       Whip              |       |       |       |   223 |       |       |       ||   223
       Demon whip        |       |       |       |   251 |  1354 |  1385 |       ||  2990
       Eveningstar       |       |       |       |       |       |   553 |  1008 ||  1561
Invok: Heroism           |       |       |       |     5 |       |       |     1 ||     6
 Abil: Fly               |       |       |       |       |     1 |       |       ||     1
Evoke: Wand              |       |       |       |       |       |     2 |     2 ||     4
  Use: Scroll            |       |       |     8 |    13 |    19 |    18 |     3 ||    61
       Potion            |       |       |     1 |     2 |       |     1 |     4 ||     8
 Stab: Petrified         |       |       |       |       |       |     6 |       ||     6
  Eat: Chunk             |     1 |     6 |    12 |    18 |    31 |    26 |    16 ||   110
       Fruit             |       |       |       |       |     2 |       |       ||     2
       Bread ration      |       |       |       |       |       |     1 |       ||     1
Armor: Scale mail        |    70 |    30 |   187 |   399 |   305 |       |       ||   991
       Ring mail         |       |    35 |    76 |       |       |       |       ||   111
       Skin              |       |       |       |     9 |       |       |       ||     9
       Plate armour      |       |       |       |       |     7 |   793 |   404 ||  1204
Dodge: Dodged            |    46 |    59 |   324 |   467 |   507 |  1310 |   597 ||  3310
Block: Shield            |    68 |    71 |   389 |   566 |   654 |  1591 |   717 ||  4056
       Reflection        |       |       |       |       |       |       |    31 ||    31
